 Dungeon Crawl Stone Soup version 0.20.0-15-g7f486f2 (webtiles) character file.

12645 Ic0n the Fighter (level 11, 0/104 HPs)
             Began as a Minotaur Fighter on June 16, 2017.
             Was a Priest of Ashenzari.
             Slain by an eight-headed hydra (9 damage)
             ... on level 1 of the Lair of Beasts.
             The game lasted 00:24:53 (11921 turns).

Ic0n the Fighter (Minotaur Fighter)                Turns: 11921, Time: 00:24:54

Health: 0/104      AC: 20    Str: 21    XL:     11   Next: 65%
Magic:  10/10      EV: 11    Int:  5    God:    Ashenzari [***...]
Gold:   726        SH: 14    Dex: 21    Spells: 10/10 levels left

rFire    . . .     SeeInvis +   t - +1 morningstar (venom)
rCold    . . .     Gourm    .   c - +0 shield (curse)
rNeg     . . .     Faith    .   v - +0 plate armour (curse)
rPois    .         Spirit   .   e - +0 hat
rElec    .         Reflect  .   (no cloak)
rCorr    +         Harm     .   r - +2 pair of gloves (curse)
MR       .....                  C - +0 pair of boots
Stlth    ..........             (no amulet)
Regen    0.3/turn               h - +3 ring of dexterity (curse)
MPRegen  0.2/turn               p - ring of resist corrosion

@: agile
A: retaliatory headbutt, horns 2
a: Curse Item, Scrying, Renounce Religion


You were on level 1 of the Lair of Beasts.
You worshipped Ashenzari.
Ashenzari was most pleased with you.
You were not hungry.

You visited 3 branches of the dungeon, and saw 12 of its levels.

You collected 726 gold pieces.

Inventory:

Hand Weapons
 a - a +1 war axe
 t - a +1 morningstar of venom (weapon)
Armour
 c - a cursed +0 shield (worn)
 e - a +0 hat (worn)
 r - a cursed +2 pair of gloves (worn)
 v - a cursed +0 plate armour (worn)
 C - a +0 pair of boots (worn)
Jewellery
 h - a cursed +3 ring of dexterity (left hand)
 p - a ring of resist corrosion (right hand)
 B - an uncursed ring of ice
Wands
 b - a wand of random effects (23/48)
Scrolls
 y - 4 scrolls of remove curse
Potions
 i - a potion of mutation
 j - 2 potions of flight
 k - a potion of curing
 m - 2 potions of lignification
 o - 2 potions of cancellation
 s - 2 potions of ambrosia
 w - 2 potions of haste
 z - 3 potions of brilliance
Comestibles
 f - 7 bread rations
 q - 5 royal jellies
 u - 9 meat rations


   Skills:
 + Level 11.8 Fighting
 + Level 11.2 Axes
 + Level 11.6 Armour
 + Level 11.7(13.4) Shields


You had 10 spell levels left.
You didn't know any spells.

Dungeon Overview and Level Annotations

Branches:
Dungeon (10/15)            Temple (1/1) D:5            Lair (1/6) D:9
    Orc: D:9-12

Altars:
Ashenzari
Cheibriados
Dithmenos
Elyvilon
Fedhas
Gozag
Hepliaklqana
Kikubaaqudgha
Makhleb
Nemelex Xobeh
Okawaru
Qazlal
Ru
Sif Muna
Trog
Uskayaw
Vehumet
Xom
Yredelemnul
Zin
The Shining One


Innate Abilities, Weirdness & Mutations

You reflexively headbutt those who attack you in melee.
You have a pair of horns on your head.


Message History

The eight-headed hydra closely misses you.
You block the eight-headed hydra's attack. x4
The eight-headed hydra bites you.
* * * LOW HITPOINT WARNING * * *
The eight-headed hydra barely misses you.
Okay, then.
As you read the scroll of summoning, it crumbles to dust.
Wisps of shadow whirl around you...
The eight-headed hydra bites you but does no damage. x2
You block the eight-headed hydra's attack.
The eight-headed hydra bites you but does no damage. x2
You block the eight-headed hydra's attack. x2
The eight-headed hydra closely misses you.
Your black mamba barely misses the eight-headed hydra.
Your blink frog blinks!
Your bullfrog barely misses the eight-headed hydra.
Your blink frog blinks! x2
Your black mamba bites the eight-headed hydra.
The eight-headed hydra bites you!
You die...

#....### ##....
##.....### #...#.
#........###.D###
#.........#..##
#...........##
###..........##
#.............##
##.............#
##@l..........##
#.DF.F......(.#
##SF..F.F.....#
##.F.........#
#.........###
#.........# #
##.......### #
#....#...# ##
##..##.### #.


You could see an eight-headed hydra, a friendly komodo dragon, a friendly black
mamba, 5 friendly blink frogs and a friendly bullfrog.

Vanquished Creatures
  The ghost of ThereIsNoGod the Brawler, a novice TrMo (D:9)
  Pikel (D:8)
  A rime drake (Lair:1)
  A kobold demonologist (D:9)
  A komodo dragon (Lair:1)
  A troll (D:10)
  Grinder (D:6)
  A hornet (D:5)
  6 slime creatures (D:10)
  3 hippogriffs
  Sigmund (D:3)
  A human (D:7)
  22 yaks
  4 hogs (D:7)
  A porcupine (Lair:1)
  Duvessa (D:7)
  2 hell hounds (D:9)
  5 orc warriors
  2 ice beasts
  3 sky beasts
  An eye of draining (D:9)
  2 ogres (D:5)
  5 centaurs
  A big kobold (D:10)
  6 bullfrogs
  Dowan (D:7)
  5 wights (D:8)
  2 howler monkeys
  3 crimson imps
  3 bullfrog zombies
  4 hounds
  A bullfrog skeleton (D:4)
  2 centaur skeletons (D:4)
  3 jellies
  4 orc priests
  11 orc wizards
  A gnoll shaman (D:9)
  2 iguanas
  Ijyb (D:4)
  Natasha (thrice) (D:3)
  4 worker ants
  5 hound zombies
  2 hound skeletons
  2 worker ant zombies
  6 gnolls
  14 adders
  3 shadow imps
  2 oozes (D:3)
  3 adder skeletons
  5 adder zombies
  2 worms (D:2)
  A dart slug (D:1)
  4 leopard geckos
  47 orcs
  10 bats
  3 giant cockroaches
  4 goblins
  6 hobgoblins
  12 jackals
  2 quokkas
  2 ball pythons
  A ball python zombie (D:4)
  10 frilled lizards
  A jackal skeleton (D:5)
  11 kobolds
  2 leopard gecko skeletons (D:4)
  A leopard gecko zombie (D:4)
  A quokka skeleton (D:8)
  9 rats
295 creatures vanquished.

Vanquished Creatures (collateral kills)
  A hound (D:8)
1 creature vanquished.

Vanquished Creatures (others)
  A hungry ghost (D:8)
  A bullfrog (D:8)
  2 orc priests (D:8)
  2 orcs (D:8)
  A jackal (D:8)
  A bat (D:1)
8 creatures vanquished.

Grand Total: 304 creatures vanquished

Notes
Turn   | Place    | Note
-------+----------+-------------------------------------------
     0 | D:1      | Ic0n the Minotaur Fighter began the quest for the Orb.
     0 | D:1      | Reached XP level 1. HP: 19/19 MP: 0/0
     2 | D:1      | Noticed a troll
     2 | D:1      | Noticed a halfling
     4 | D:1      | Noticed a gargoyle
     4 | D:1      | Noticed an ogre
     6 | D:1      | Noticed a naga
     8 | D:1      | Noticed a draconian
     8 | D:1      | Noticed a vampire
    10 | D:1      | Noticed a felid
    10 | D:1      | Noticed a tengu
    12 | D:1      | Noticed a demonspawn
    12 | D:1      | Noticed a ghoul
    14 | D:1      | Noticed a spriggan
    16 | D:1      | Noticed a centaur
    16 | D:1      | Noticed a demigod
    18 | D:1      | Noticed a vine stalker
    20 | D:1      | Noticed a dwarf
    22 | D:1      | Noticed an elf
    22 | D:1      | Noticed a minotaur
    24 | D:1      | Noticed a human
    24 | D:1      | Noticed an octopode
    26 | D:1      | Noticed a merfolk
    26 | D:1      | Noticed a formicid
   172 | D:1      | Reached XP level 2. HP: 24/27 MP: 1/1
   737 | D:2      | Reached XP level 3. HP: 33/33 MP: 2/2
   975 | D:2      | Found a sparkling altar of Nemelex Xobeh.
  1437 | D:3      | Noticed Sigmund
  1582 | D:3      | Noticed Natasha
  1591 | D:3      | Killed Natasha
  1591 | D:3      | Reached XP level 4. HP: 39/41 MP: 3/3
  2073 | D:3      | Reached XP level 5. HP: 47/47 MP: 4/4
  2171 | D:3      | Noticed Natasha
  2175 | D:3      | Killed Natasha
  2178 | D:3      | Reached skill level 5 in Fighting
  2259 | D:3      | Killed Sigmund
  2259 | D:3      | Reached skill level 5 in Armour
  2259 | D:3      | Reached skill level 5 in Shields
  2259 | D:3      | Reached XP level 6. HP: 56/56 MP: 5/5
  2266 | D:3      | Noticed Natasha
  2270 | D:3      | Killed Natasha
  2464 | D:4      | Noticed Ijyb
  2473 | D:4      | Killed Ijyb
  2534 | D:4      | Reached XP level 7. HP: 54/62 MP: 6/6
  2589 | D:4      | Reached skill level 5 in Axes
  3168 | D:4      | Found an iron altar of Okawaru.
  3395 | D:5      | Entered Level 5 of the Dungeon
  3423 | D:5      | Found a staircase to the Ecumenical Temple.
  3432 | Temple   | Entered the Ecumenical Temple
  3543 | Temple   | Became a worshipper of Ashenzari the Shackled
  3738 | D:5      | Reached XP level 8. HP: 59/71 MP: 7/7
  3919 | D:5      | Noticed a hornet
  3924 | D:5      | Killed a hornet
  4300 | D:5      | Found a burning altar of Makhleb.
  4517 | D:6      | Noticed Grinder
  4526 | D:6      | Paralysed by Grinder for 7 turns
  4550 | D:6      | Killed Grinder
  4689 | D:6      | Found a glowing silver altar of Zin.
  4691 | D:6      | Found a burning altar of Makhleb.
  4692 | D:6      | Found a snail-covered altar of Cheibriados.
  4695 | D:6      | Identified the Compendium of Destructive Changing
  4883 | D:6      | Found a shimmering altar of Xom.
  4884 | D:6      | Found a hazy altar of Hepliaklqana.
  4892 | D:6      | Reached XP level 9. HP: 81/81 MP: 8/8
  4895 | D:6      | Noticed a spectral ugly thing
  4920 | D:6      | Reached * piety under Ashenzari
  5017 | D:6      | Found a sparkling altar of Nemelex Xobeh.
  5085 | D:6      | Found a blossoming altar of Fedhas.
  5745 | D:7      | Noticed Duvessa
  5745 | D:7      | Noticed Dowan
  5764 | D:7      | Killed Duvessa
  5784 | D:7      | Killed Dowan
  6899 | D:8      | Found a white marble altar of Elyvilon.
  6922 | D:8      | Noticed Pikel
  6930 | D:8      | Reached XP level 10. HP: 91/91 MP: 9/9
  6960 | D:8      | Killed Pikel
  7285 | D:8      | Reached ** piety under Ashenzari
  7384 | D:8      | Found a glowing golden altar of the Shining One.
  7402 | D:8      | Reached skill level 10 in Fighting
  8097 | D:9      | Reached skill level 10 in Shields
  8277 | D:9      | Noticed an orange demon
  8284 | D:9      | Reached skill level 10 in Armour
  8503 | D:9      | Noticed ThereIsNoGod's ghost (novice TrMo)
  8877 | D:9      | Killed ThereIsNoGod's ghost
  9120 | D:9      | Found a deep blue altar of Sif Muna.
  9160 | D:9      | Found a staircase to the Lair.
  9405 | D:9      | Reached skill level 10 in Axes
  9565 | D:10     | Entered Level 10 of the Dungeon
  9983 | D:10     | Reached XP level 11. HP: 90/101 MP: 10/10
 10094 | D:10     | Noticed a deep elf mage
 10429 | D:10     | Noticed a soul eater
 10471 | D:9      | HP: 1/102 [yak (10)]
 10895 | Lair:1   | Entered Level 1 of the Lair of Beasts
 11538 | Lair:1   | Reached *** piety under Ashenzari
 11793 | Lair:1   | Noticed an eight-headed hydra
 11921 | Lair:1   | Slain by an eight-headed hydra

Skill      XL: |  1  2  3  4  5  6  7  8  9 10 11 |
---------------+----------------------------------+-----
Fighting       | 4 5 6 8 9 10 11 | 11.8
Armour         | 4 5 6 8 9 10 11 | 11.6
Shields        | 4 5 6 7 9 10 11 | 11.7
Axes           | 3 4 5 7 8 10 11 | 11.2

Action                   |  1- 3 |  4- 6 |  7- 9 | 10-12 || total
-------------------------+-------+-------+-------+-------++-------
Melee: War axe           |    88 |    86 |   347 |   373 ||   894
       Headbutt          |    15 |    18 |    66 |   112 ||   211
       Morningstar       |       |       |       |     7 ||     7
Invok: Curse Item        |       |       |     1 |     2 ||     3
Evoke: Phantom mirror    |       |       |       |     1 ||     1
  Use: Scroll            |     6 |     1 |     4 |     8 ||    19
       Potion            |       |       |     1 |    11 ||    12
  Eat: Chunk             |     1 |     2 |    14 |     6 ||    23
       Fruit             |       |     3 |       |     7 ||    10
       Bread ration      |       |       |       |     1 ||     1
Armor: Scale mail        |    32 |       |       |       ||    32
       Chain mail        |     3 |    32 |   154 |       ||   189
       Plate armour      |       |       |    14 |   210 ||   224
Dodge: Dodged            |    35 |    28 |    61 |    75 ||   199
Block: Shield            |    51 |    57 |   180 |   278 ||   566
